Map: Bastion of the Conclave

Players

Legion

  • Race: Terran Terran
  • Spawn Location: 6:00

FearthePanda

  • Race: Protoss Protoss
  • Spawn Location: 6:00

Astrovirus

  • Race: Zerg Zerg
  • Spawn Location: 6:00

HoPe - Winner!

  • Race: Terran Terran
  • League: Platinum
  • Spawn Location: 12:00

Hammy - Winner!

  • Race: Protoss Protoss
  • League: Platinum
  • Spawn Location: 12:00

Metasapien - Winner!

  • Race: Zerg Zerg
  • League: Platinum
  • Spawn Location: 0:00

VOD

Have the link to the VOD?

Description

Time

  • Played on: Sept. 23, 2017, 4:22 a.m.
  • Length: 11:53
Show
View Real Time Build Order
Export as new Build Order

Legion Terran 

Build Orders:  

Get SALT Encoding   

  12  0:01  SCV  
  13  0:13  SCV  
  14  0:26  Supply Depot  
  14  0:27  SCV  
  15  0:47  SCV  
  15  0:49  Barracks  
  16  0:59  SCV  
  17  1:12  SCV  
  18  1:22  Command Center  
  18  1:24  SCV  
  19  1:36  SCV  
  20  1:41  Bunker  
  20  1:42  Marine  
  21  1:48  SCV  
  21  1:50  Refinery  
  21  1:52  Refinery  
  22  2:00  SCV  
  23  2:10  Supply Depot  
  23  2:19  Orbital Command  
  23  2:32  Marine  
  24  2:37  Engineering Bay  
  23  2:51  Marine  
  24  3:08  SCV x2  
  26  3:13  Marine  
  27  3:21  SCV x2  
  29  3:31  Marine  
  29  3:32  Supply Depot  
  30  3:35  Factory  
  30  3:38  Factory  
  30  3:45  SCV  
  31  3:51  Orbital Command  
  31  4:00  SCV, Barracks Reactor  
  32  4:12  SCV  
  33  4:23  Factory Tech Lab x2  
  33  4:24  SCV, Barracks  
  33  4:25  SCV  
  33  4:26  Barracks  
  35  4:44  Siege Tank, Command Center  
  35  4:45  Siege Tank  
  41  4:51  SCV x2  
  43  5:01  Marine x2  
  45  5:09  Starport  
  45  5:16  Barracks Tech Lab, Barracks Reactor  
  45  5:20  SCV x2  
  47  5:27  Refinery  
  47  5:30  Missile Turret  
  47  5:33  Missile Turret  
  47  5:34  Refinery  
  47  5:35  SCV x2  
  49  5:36  Missile Turret  
  49  5:39  Missile Turret  
  49  5:40  Missile Turret  
  49  5:49  SCV x2  
  51  6:11  Marine x2  
  51  6:12  Marine x2  
  51  6:13  Marine  
  51  6:15  Stimpack  
  56  6:29  SCV x2  
  58  6:33  Siege Tank x2  
  58  6:36  Starport Reactor  
  58  6:37  Marine x5  
  69  6:53  Sensor Tower  
  69  6:55  Marine  
  70  7:03  Missile Turret  
  70  7:04  Missile Turret x2  
  70  7:05  Missile Turret, Planetary Fortress  
  67  7:29  Marine  
  53  7:30  Marine x4  
  45  7:47  Marine  
  45  7:48  Siege Tank x2, Marine x2  
  46  7:58  SCV x2  
  41  8:10  SCV  
  40  8:18  Marine x3  
  39  8:23  Supply Depot  
  39  8:24  Supply Depot  
  39  8:26  Supply Depot  
  37  8:36  Marine  
  37  8:37  Marine x2  
  37  8:39  Siege Tank  
Show
View Real Time Build Order
Export as new Build Order

FearthePanda Protoss 

Build Orders: Dark Templar Rush 

Get SALT Encoding   

  12  0:01  Probe (Chrono Boost)  
  13  0:12  Probe (Chrono Boost)  
  14  0:22  Probe (Chrono Boost)  
  15  0:30  Pylon  
  15  0:44  Assimilator  
  15  0:49  Probe (Chrono Boost)  
  16  0:55  Gateway  
  16  1:00  Assimilator  
  16  1:02  Probe (Chrono Boost)  
  17  1:12  Probe (Chrono Boost)  
  17  1:14  Pylon  
  18  1:23  Probe (Chrono Boost)  
  19  1:33  Probe (Chrono Boost)  
  20  1:45  Cybernetics Core  
  20  2:00  Probe (Chrono Boost)  
  21  2:03  Pylon  
  21  2:11  Probe (Chrono Boost)  
  22  2:21  Probe (Chrono Boost)  
  23  2:23  Warp Gate (Chrono Boost)  
  23  2:26  Twilight Council  
  23  2:31  Robotics Facility  
  23  2:39  Pylon  
  23  2:51  Mothership Core (Chrono Boost)  
  25  3:07  Dark Shrine  
  25  3:10  Gateway  
  25  3:18  Warp Prism  
  27  3:24  Gateway  
  27  3:35  Gateway  
  27  3:43  Gateway  
  27  3:49  Probe  
  28  4:12  Observer (Chrono Boost)  
  29  4:25  Nexus  
  29  4:27  Assimilator  
  29  4:46  Dark Templar  
  29  4:47  Dark Templar x2  
  29  4:52  Dark Templar  
  37  5:05  Dark Templar  
  29  5:33  Immortal (Chrono Boost)  
  33  5:39  Probe  
  34  5:45  Probe  
  35  5:50  Probe  
  35  5:55  Assimilator  
  36  5:57  Probe  
  36  6:00  Probe, Stalker  
  40  6:05  Stalker  
  40  6:09  Probe, Stalker x2  
  40  6:11  Probe  
  48  6:21  Probe  
  49  6:29  Probe  
  50  6:33  Probe  
  50  6:35  Stalker  
  50  6:39  Probe  
  53  6:46  Probe  
  55  6:48  Blink (Chrono Boost)  
  55  6:50  Probe  
  56  7:17  Stargate  
  56  7:20  Stargate  
  42  8:03  Dark Templar x2  
  42  8:04  Dark Templar x3  
  42  8:26  Mothership Core  
  42  8:35  Void Ray x2  
  42  8:37  Stalker  
  42  8:38  Stalker  
  54  8:46  Pylon  
  54  8:48  Pylon  
  54  9:01  Pylon  
  54  9:02  Pylon  
  54  9:08  Stalker  
  54  9:09  Stalker x3  
  48  9:40  Pylon  
  32  9:56  Pylon x3  
  23  10:01  Forge  
  23  10:02  Pylon  
  23  10:04  Pylon  
  23  10:06  Pylon x2  
  23  10:07  Pylon  
  23  10:11  Pylon  
  23  10:12  Pylon  
  22  10:20  Dark Templar  
  22  10:21  Dark Templar  
  18  10:41  Cybernetics Core  
  18  10:45  Photon Cannon  
  18  10:50  Photon Cannon  
  18  10:51  Photon Cannon  
  18  10:52  Photon Cannon  
  18  10:53  Photon Cannon  
  18  10:56  Photon Cannon  
  15  10:57  Photon Cannon  
  15  11:02  Photon Cannon  
  11  11:10  Pylon  
  10  11:12  Pylon  
Show
View Real Time Build Order
Export as new Build Order

Astrovirus Zerg 

Build Orders: Hatch First 

Get SALT Encoding   

  12  0:03  Drone  
  13  0:08  Drone  
  14  0:18  Overlord  
  14  0:37  Drone x3  
  17  0:57  Hatchery  
  16  1:13  Spawning Pool  
  15  1:20  Drone x3  
  15  1:25  Extractor  
  17  1:28  Extractor  
  16  1:37  Overlord  
  16  1:54  Drone x2  
  18  2:01  Queen  
  20  2:14  Drone x2  
  20  2:15  Drone  
  23  2:16  Queen  
  23  2:20  Drone  
  26  2:27  Drone  
  27  2:35  Drone x2  
  29  2:45  Zergling x2  
  29  2:47  Metabolic Boost  
  29  2:48  Zergling x2  
  31  2:59  Zergling x4  
  33  3:10  Drone x2  
  35  3:25  Drone  
  36  3:27  Overlord x3  
  36  3:42  Overlord x2  
  36  3:53  Drone x2  
  36  3:54  Drone x3  
  41  3:58  Hatchery  
  41  4:02  Drone  
  41  4:03  Drone x3  
  41  4:09  Drone x2  
  46  4:11  Drone  
  46  4:13  Drone  
  48  4:19  Lair  
  48  4:26  Extractor  
  48  4:27  Extractor  
  46  4:41  Drone x2  
  46  4:42  Drone  
  46  4:43  Drone x3  
  52  4:50  Spore Crawler  
  51  5:12  Drone  
  51  5:13  Drone x8  
  51  5:14  Drone x5  
  64  5:20  Spire  
  64  5:31  Queen  
  66  5:35  Extractor  
  66  5:42  Drone x3  
  68  5:46  Drone x3  
  68  5:49  Extractor  
  70  6:01  Drone x3, Roach Warren  
  72  6:06  Drone x3  
  75  6:23  Nydus Network  
  74  6:33  Mutalisk  
  74  6:34  Mutalisk x3  
  74  6:36  Overlord  
  74  6:37  Overlord x5  
  82  6:44  Zerg Flyer Weapons Level 1  
  82  6:54  Pneumatized Carapace  
  82  7:11  Mutalisk, Overseer  
  82  7:12  Mutalisk x9  
  82  7:13  Mutalisk x4  
  110  7:15  Zergling x2  
  110  7:16  Zergling x6  
  114  7:23  Zergling x2  
  114  7:24  Zergling x2  
  114  7:25  Zergling x6  
  114  7:26  Zergling x2  
  111  7:58  Zergling x8  
  96  7:59  Zergling x18  
  108  8:07  Roach x2  
  108  8:08  Roach  
  116  8:13  Roach  
  116  8:22  Corruptor x3  
  73  8:42  Mutalisk x8  
  86  8:51  Roach x2  
  86  8:52  Roach x3  
  91  9:05  Spawning Pool  
  91  9:09  Spire  
  43  10:11  Zergling x6  
  43  10:12  Zergling x6  
  40  10:58  Mutalisk x2  
  40  10:59  Mutalisk x3  
  45  11:11  Spine Crawler  
  44  11:13  Spine Crawler  
  44  11:14  Spine Crawler x2  
  44  11:15  Spine Crawler x2  
  44  11:16  Spine Crawler  
  44  11:17  Spine Crawler  
  37  11:18  Spine Crawler  
  37  11:20  Spine Crawler  
  37  11:21  Spine Crawler x3  
  37  11:25  Spine Crawler  
  31  11:26  Spine Crawler x2  
  31  11:28  Spore Crawler, Spine Crawler  
  31  11:30  Spine Crawler  
  26  11:33  Spore Crawler  
  26  11:36  Spine Crawler x2  
Show
View Real Time Build Order
Export as new Build Order

HoPe Terran - Winner!

Build Orders: Reaper Expand 

Get SALT Encoding   

  12  0:04  SCV  
  13  0:16  SCV  
  14  0:22  Supply Depot  
  14  0:28  SCV  
  14  0:31  Refinery  
  15  0:43  SCV  
  15  0:47  Barracks  
  16  0:55  SCV  
  17  1:08  SCV  
  18  1:15  Barracks  
  18  1:20  SCV  
  19  1:39  Factory  
  19  1:43  Reaper  
  20  1:51  Barracks  
  20  1:53  Orbital Command  
  20  2:05  Barracks Tech Lab  
  20  2:17  Command Center  
  20  2:21  SCV  
  21  3:03  Factory  
  21  3:04  SCV  
  21  3:06  Barracks Reactor  
  21  3:12  Barracks Reactor  
  21  3:16  SCV, Supply Depot  
  22  3:21  Barracks  
  22  3:28  Stimpack  
  22  3:29  Marine  
  22  3:31  Orbital Command  
  22  3:33  SCV  
  24  3:34  Refinery  
  24  3:41  Engineering Bay  
  24  3:42  Marine  
  24  3:43  Marine  
  24  3:47  Marine  
  27  3:51  Marine  
  27  3:52  Marine  
  27  3:54  Factory Tech Lab  
  29  4:03  Marine x2  
  29  4:05  Marine  
  32  4:12  Orbital Command  
  32  4:13  Marine x3  
  35  4:18  Siege Tank  
  38  4:33  Marine  
  38  4:34  Marine x5  
  44  4:45  Starport  
  44  4:46  SCV  
  44  4:51  Marine  
  46  5:02  Missile Turret  
  46  5:14  SCV  
  46  5:34  Supply Depot  
  46  5:37  Terran Infantry Weapons Level 1  
  46  5:39  Starport Reactor  
  46  5:55  SCV, Marine x6  
  46  5:56  Supply Depot  
  53  6:07  SCV  
  54  6:13  Barracks Reactor  
  54  6:17  Medivac x2, Siege Tank  
  61  6:18  Supply Depot  
  61  6:19  SCV  
  62  6:27  Refinery  
  62  6:40  SCV, Marine x5  
  62  6:42  Supply Depot  
  68  6:52  SCV  
  69  7:01  Marine  
  69  7:03  Marine x6  
  69  7:04  Supply Depot  
  69  7:05  Medivac  
  78  7:19  Command Center  
  78  7:26  Medivac, Marine  
  78  7:27  Supply Depot  
  71  7:58  Marine  
  71  7:59  Marine x6  
  78  8:17  SCV  
  77  8:29  SCV  
  61  9:05  Terran Infantry Armor Level 1  
  55  9:23  Marine x4  
  55  9:24  Siege Tank, Marine  
  56  9:28  Medivac x2  
  61  9:34  Armory  
  61  9:35  Orbital Command  
  61  9:41  SCV  
  61  9:43  Marine x6  
  65  9:53  SCV  
  65  9:55  Marine  
  65  9:56  Widow Mine  
  65  9:58  Medivac x2  
  73  10:00  Marine  
  73  10:01  Marine  
  73  10:05  SCV  
  76  10:17  SCV  
  77  10:24  Widow Mine, Marine x4  
  77  10:25  Marine x3  
  77  10:28  Medivac  
  78  10:42  Marine x2  
  80  10:53  Marine x3  
  80  10:54  Marine x2  
  85  11:00  Marine x2  
  87  11:11  Marine  
  88  11:22  Marine x5  
  88  11:23  Marine  
  94  11:29  Marine  
Show
View Real Time Build Order
Export as new Build Order

Hammy Protoss - Winner!

Build Orders:  

Get SALT Encoding   

  12  0:01  Probe (Chrono Boost)  
  13  0:11  Probe (Chrono Boost)  
  14  0:19  Pylon  
  14  0:23  Probe (Chrono Boost)  
  15  0:37  Probe (Chrono Boost)  
  16  0:44  Gateway  
  16  0:48  Probe (Chrono Boost)  
  17  0:55  Assimilator  
  17  0:59  Probe (Chrono Boost)  
  18  1:06  Gateway  
  18  1:09  Probe (Chrono Boost)  
  19  1:13  Pylon  
  19  1:20  Probe (Chrono Boost)  
  20  1:30  Probe (Chrono Boost)  
  20  1:31  Assimilator  
  21  1:40  Cybernetics Core  
  21  1:41  Probe (Chrono Boost)  
  22  1:51  Probe (Chrono Boost)  
  23  1:56  Pylon  
  23  1:59  Zealot  
  25  2:02  Probe (Chrono Boost)  
  25  2:07  Zealot  
  28  2:15  Probe (Chrono Boost)  
  29  2:17  Warp Gate  
  29  2:24  Twilight Council  
  29  2:28  Probe (Chrono Boost)  
  30  2:40  Pylon  
  30  2:57  Probe (Chrono Boost)  
  31  3:00  Charge (Chrono Boost)  
  31  3:03  Zealot x2  
  35  3:13  Pylon  
  35  3:15  Probe  
  36  3:31  Nexus  
  36  3:32  Zealot  
  38  3:38  Zealot  
  40  3:44  Mothership Core  
  42  3:59  Zealot  
  44  4:05  Probe, Zealot  
  47  4:17  Gateway  
  47  4:18  Probe  
  48  4:25  Pylon  
  48  4:26  Gateway  
  48  4:30  Probe  
  49  4:39  Pylon  
  49  4:43  Gateway  
  38  5:07  Stalker x2  
  42  5:36  Probe  
  43  5:47  Zealot  
  43  5:48  Probe  
  46  6:03  Robotics Facility  
  46  6:07  Zealot  
  48  6:18  Zealot  
  50  6:20  Sentry x2  
  54  6:32  Pylon  
  54  6:35  Zealot  
  56  6:40  Sentry  
  58  6:49  Probe  
  58  6:50  Observer (Chrono Boost)  
  58  6:51  Probe  
  61  7:00  Probe, Zealot  
  63  7:03  Probe  
  65  7:11  Observer (Chrono Boost)  
  49  7:30  Observer (Chrono Boost)  
  49  7:34  Zealot x4  
  49  7:35  Zealot  
  36  7:54  Stalker x2  
  36  7:55  Stalker  
  40  7:59  Probe x2  
  38  8:07  Stalker  
  40  8:23  Stalker x2  
  44  8:46  Zealot  
  44  8:47  Zealot x4  
  54  9:06  Zealot  
  54  9:07  Zealot x3  
  54  9:08  Zealot  
  48  9:54  Zealot x4  
  48  9:55  Zealot  
  48  9:58  Immortal (Chrono Boost)  
  62  10:13  Zealot  
  64  10:25  Probe x2  
  66  10:37  Probe x2  
  66  10:38  Pylon  
  68  10:49  Probe x2  
  70  11:01  Probe x2  
  70  11:02  Zealot x4  
  70  11:03  Zealot  
  78  11:04  Gateway  
  78  11:13  Probe x2  
  80  11:25  Probe x2  
  82  11:27  Stargate  
  82  11:28  Stargate  
  82  11:37  Nexus  
  82  11:44  Zealot  
Show
View Real Time Build Order
Export as new Build Order

Metasapien Zerg - Winner!

Build Orders: Pool First 

Get SALT Encoding   

  12  0:01  Drone  
  13  0:22  Spawning Pool  
  13  0:25  Extractor  
  11  0:31  Drone  
  11  0:33  Drone  
  13  0:43  Overlord  
  13  0:47  Drone  
  14  1:03  Drone x2  
  16  1:29  Hatchery  
  16  1:30  Drone  
  16  1:37  Drone  
  16  1:39  Drone  
  18  1:46  Metabolic Boost  
  18  1:52  Drone  
  19  1:57  Drone  
  20  2:13  Overlord  
  20  2:34  Queen  
  22  2:39  Drone  
  22  2:40  Drone, Extractor  
  23  2:47  Drone  
  24  3:05  Drone x2, Queen  
  28  3:15  Drone x2, Hatchery  
  29  3:20  Drone  
  30  3:27  Lair  
  30  3:32  Drone  
  31  3:35  Overlord  
  31  3:38  Drone  
  32  3:42  Overlord  
  32  3:46  Drone  
  33  4:02  Overlord  
  33  4:05  Drone  
  33  4:07  Drone x2  
  33  4:08  Drone x2  
  38  4:20  Extractor  
  37  4:25  Roach Warren  
  37  4:29  Drone x2  
  37  4:31  Hydralisk Den  
  37  4:37  Queen  
  39  4:38  Drone  
  39  4:39  Drone  
  41  5:00  Overseer  
  41  5:08  Overseer  
  41  5:10  Roach x2, Hydralisk x3  
  41  5:11  Roach x5  
  61  5:18  Drone  
  62  5:30  Hydralisk  
  62  5:31  Overlord x2, Roach  
  66  5:39  Extractor  
  65  5:48  Drone  
  66  5:50  Overlord x2  
  66  5:51  Drone x2  
  66  5:52  Drone x3  
  71  5:57  Overlord x2  
  71  6:00  Pneumatized Carapace  
  71  6:04  Drone x2  
  72  6:11  Muscular Augments  
  73  6:14  Drone x2  
  75  6:23  Drone x2  
  77  6:26  Extractor  
  77  6:29  Extractor  
  77  6:32  Drone x3  
  78  6:39  Drone x4  
  82  6:42  Overlord  
  82  6:43  Overlord x2  
  82  6:47  Drone x3  
  82  6:50  Hydralisk  
  82  6:52  Glial Reconstitution  
  87  6:55  Roach  
  87  6:57  Hydralisk  
  91  7:11  Evolution Chamber  
  91  7:12  Drone x2  
  91  7:15  Evolution Chamber  
  91  7:25  Drone x4  
  91  7:26  Roach x2, Hydralisk x3  
  91  7:27  Roach x2  
  109  7:44  Hydralisk x4  
  109  7:45  Hydralisk x3  
  121  8:03  Overlord  
  121  8:04  Overlord x3  
  121  8:05  Overlord  
  121  8:10  Drone  
  122  8:26  Overlord x2  
  122  8:27  Overlord  
  122  8:29  Drone  
  122  8:30  Hydralisk x4  
  131  8:36  Zerg Missile Weapons Level 1  
  131  8:37  Zerg Ground Armor Level 1  
  123  8:49  Hydralisk x3  
  123  8:50  Roach x5  
  123  8:54  Hatchery  
  138  9:02  Drone x2  
  140  9:09  Burrow  
  140  9:13  Infestation Pit  
  137  9:38  Hydralisk x2  
  137  9:39  Roach x4, Hydralisk x4  
  137  9:40  Hydralisk x5  
  137  9:41  Hydralisk  
  137  9:43  Overlord  
  169  10:06  Hydralisk  
  171  10:07  Drone, Infestor  
  171  10:08  Infestor x3  
  171  10:10  Queen  
  171  10:11  Drone  
  183  10:15  Overlord x2  
  183  10:24  Ravager x2, Extractor x2  
  183  10:25  Ravager  
  184  10:40  Drone x3  
  187  11:06  Hydralisk x2  
  187  11:07  Roach, Hydralisk x2  
  187  11:08  Roach x2  
  199  11:20  Drone  
Tags
 
Add a new tag
Caveats
  • Supply blocks, unpowered buildings, or Contaminate may cause inaccurate times.
  • Supply counts are checked every 10 seconds.